TOP OF THE 1ST |
Santa Fe HS Chiefs batting - Pitching for Indianapolis HS Chaos : RHP Luis Remedios
|
Pitching: RHP Luis Remedios
|
|
Batting: LHB William Mitchell
|
0-0: Ball 1-0: Ball 2-0: Foul Ball, location: 2F 2-1: SINGLE (Flyball, 7LM)
|
Batting: RHB Jake Henshaw
|
0-0: Ball 1-0: Foul Ball, location: 2F 1-1: SINGLE (Flyball, 78S) William Mitchell to second
|
Batting: RHB Paul DeWitt
|
0-0: Ball 1-0: Swinging Strike 1-1: Ball 2-1: Ball 3-1: Base on Balls William Mitchell to third Jake Henshaw to second
|
Batting: LHB Adrian Neal
|
0-0: Ball 1-0: Ball 2-0: SINGLE (Line Drive, 8LS) William Mitchell scores Jake Henshaw to third Paul DeWitt to second
|
Batting: LHB Milton MacEwen
|
0-0: Ground out 6-3 (Groundball, 6M) Jake Henshaw scores Paul DeWitt to third Adrian Neal to second
|
Batting: LHB Paul Starr
|
0-0: Foul Ball, location: 2F 0-1: Called Strike 0-2: Ball 1-2: Strikes out swinging
|
Batting: SHB Rick Hilton
|
0-0: Ball 1-0: Called Strike 1-1: Ball 2-1: Swinging Strike 2-2: Ball 3-2: Base on Balls
|
Batting: LHB Luis Freitas
|
0-0: Ball 1-0: Ball 2-0: Foul Ball, location: 2F 2-1: Ball 3-1: Foul Ball, location: 2F 3-2: Foul Ball, location: 2F 3-2: Base on Balls Paul DeWitt scores Adrian Neal to third Rick Hilton to second
|
Batting: RHB Brady Holland
|
0-0: Ground out 5-3 (Groundball, 56S)
|
Top of the 1st over - 3 run(s), 3 hit(s), 0 error(s), 3 left on base; Santa Fe HS 3 - Indianapolis HS 0 |
BOTTOM OF THE 1ST |
Indianapolis HS Chaos batting - Pitching for Santa Fe HS Chiefs : LHP Ed Bailey
|
Pitching: LHP Ed Bailey
|
|
Batting: RHB Johnny Becker
|
0-0: Ball 1-0: Called Strike 1-1: Ground out 4-3 (Groundball, 4)
|
Batting: RHB Jesús Lima
|
0-0: Ground out 5-3 (Groundball, 56)
|
Batting: RHB Curt David
|
0-0: Called Strike 0-1: Fly out, F2 (Popup, 3S)
|
Bottom of the 1st over - 0 run(s), 0 hit(s), 0 error(s), 0 left on base; Santa Fe HS 3 - Indianapolis HS 0 |
TOP OF THE 2ND |
Santa Fe HS Chiefs batting - Pitching for Indianapolis HS Chaos : RHP Luis Remedios
|
Batting: LHB William Mitchell
|
0-0: Swinging Strike 0-1: Foul Ball, location: 2F 0-2: SINGLE (Line Drive, 7)
|
Batting: RHB Jake Henshaw
|
0-0: Ball 1-0: Called Strike 1-1: Fly out, F8 (Line Drive, 89M)
|
Batting: RHB Paul DeWitt
|
0-0: Ball 1-0: Called Strike William Mitchell is caught stealing 2nd base 1-1: Foul Ball, location: 2F 1-2: Ground out 5-3 (Groundball, 56)
|
Top of the 2nd over - 0 run(s), 1 hit(s), 0 error(s), 0 left on base; Santa Fe HS 3 - Indianapolis HS 0 |
BOTTOM OF THE 2ND |
Indianapolis HS Chaos batting - Pitching for Santa Fe HS Chiefs : LHP Ed Bailey
|
Batting: LHB Ben Donaldson
|
0-0: Called Strike 0-1: Ball 1-1: Ball 2-1: Ball 3-1: Base on Balls
|
Batting: RHB Robert Blanchard
|
0-0: Called Strike 0-1: Foul Ball, location: 2F 0-2: Foul Ball, location: 2F 0-2: Ball 1-2: Strikes out looking
|
Batting: RHB Warren Norton
|
0-0: Ground out 6-3 (Groundball, 6S) Ben Donaldson to second
|
Batting: RHB Danny Giles
|
0-0: Ball 1-0: Swinging Strike 1-1: Ball 2-1: Ball 3-1: Foul Ball, location: 2F 3-2: Strikes out swinging
|
Bottom of the 2nd over - 0 run(s), 0 hit(s), 0 error(s), 1 left on base; Santa Fe HS 3 - Indianapolis HS 0 |
TOP OF THE 3RD |
Santa Fe HS Chiefs batting - Pitching for Indianapolis HS Chaos : RHP Luis Remedios
|
Batting: LHB Adrian Neal
|
0-0: Ball 1-0: Called Strike 1-1: Foul Ball, location: 2F 1-2: DOUBLE (Line Drive, 9LM)
|
Batting: LHB Milton MacEwen
|
0-0: Ball 1-0: Ball 2-0: Foul Ball, location: 2F 2-1: Called Strike 2-2: Ground out U3 (Groundball, 3L) Adrian Neal to third
|
Batting: LHB Paul Starr
|
0-0: Ball 1-0: Ball 2-0: Called Strike 2-1: Fly out, F7 (Flyball, 7)
|
Batting: SHB Rick Hilton
|
0-0: Ground out U3 (Groundball, 34S)
|
Top of the 3rd over - 0 run(s), 1 hit(s), 0 error(s), 1 left on base; Santa Fe HS 3 - Indianapolis HS 0 |
BOTTOM OF THE 3RD |
Indianapolis HS Chaos batting - Pitching for Santa Fe HS Chiefs : LHP Ed Bailey
|
Batting: LHB Millard Bengtson
|
0-0: Foul Ball, location: 2F 0-1: Ball 1-1: Foul Ball, location: 2F 1-2: Ball 2-2: Foul Ball, location: 2F 2-2: Ball 3-2: Foul Ball, location: 2F 3-2: Foul Ball, location: 2F 3-2: Foul Ball, location: 2F 3-2: Ground out 4-3 (Groundball, 34)
|
Batting: RHB Jack Gillespie
|
0-0: Ball 1-0: Ground out 5-3 (Groundball, 56)
|
Batting: RHB Johnny Becker
|
0-0: Foul Ball, location: 2F 0-1: Swinging Strike 0-2: Foul Ball, location: 2F Error on foul ball, E7 0-2: SINGLE (Flyball, 7LS)
|
Batting: RHB Jesús Lima
|
0-0: Called Strike 0-1: Ball 1-1: Swinging Strike 1-2: Fielders Choice at 2nd, 6-4 (Groundball, 6)
|
Bottom of the 3rd over - 0 run(s), 1 hit(s), 1 error(s), 0 left on base; Santa Fe HS 3 - Indianapolis HS 0 |
TOP OF THE 4TH |
Santa Fe HS Chiefs batting - Pitching for Indianapolis HS Chaos : RHP Luis Remedios
|
Batting: LHB Luis Freitas
|
0-0: Called Strike 0-1: SINGLE (Groundball, 56D)
|
Batting: RHB Brady Holland
|
0-0: Swinging Strike 0-1: Ball 1-1: Ball Luis Freitas steals 2nd base 2-1: Ball 3-1: Base on Balls
|
Batting: LHB William Mitchell
|
0-0: Swinging Strike 0-1: Fielders Choice at 2nd, 4-6 (Groundball, 4) Luis Freitas to third
|
Batting: RHB Jake Henshaw
|
0-0: Reached via error on a dropped throw, E6 Luis Freitas scores William Mitchell to second
|
Batting: RHB Paul DeWitt
|
0-0: Called Strike 0-1: Ball 1-1: Foul Ball, location: 2F 1-2: Grounds into double play, 4-6-3 (Groundball, 4)
|
Top of the 4th over - 1 run(s), 1 hit(s), 1 error(s), 1 left on base; Santa Fe HS 4 - Indianapolis HS 0 |
BOTTOM OF THE 4TH |
Indianapolis HS Chaos batting - Pitching for Santa Fe HS Chiefs : LHP Ed Bailey
|
Batting: RHB Curt David
|
0-0: Ball 1-0: Ball 2-0: Ball 3-0: Base on Balls
|
Batting: LHB Ben Donaldson
|
0-0: Ball 1-0: Ball 2-0: Called Strike 2-1: Swinging Strike 2-2: Strikes out swinging
|
Batting: RHB Robert Blanchard
|
0-0: Fly out, F4 (Line Drive, 4M)
|
Batting: RHB Warren Norton
|
0-0: SINGLE (Line Drive, 6D) Curt David to second
|
Batting: RHB Danny Giles
|
0-0: Fly out, F8 (Flyball, 78D)
|
Bottom of the 4th over - 0 run(s), 1 hit(s), 0 error(s), 2 left on base; Santa Fe HS 4 - Indianapolis HS 0 |
TOP OF THE 5TH |
Santa Fe HS Chiefs batting - Pitching for Indianapolis HS Chaos : RHP Luis Remedios
|
Batting: LHB Adrian Neal
|
0-0: Ball 1-0: Ball 2-0: Ball 3-0: Called Strike 3-1: Swinging Strike 3-2: Foul Ball, location: 2F 3-2: Base on Balls
|
Batting: LHB Milton MacEwen
|
0-0: Swinging Strike 0-1: Swinging Strike 0-2: Ball 1-2: Foul Ball, location: 2F 1-2: Foul Ball, location: 2F 1-2: Foul Ball, location: 2F 1-2: Foul Ball, location: 2F 1-2: Foul Ball, location: 2F 1-2: Strikes out swinging
|
Pitching: LHP Andy Fitzpatrick
|
|
Batting: LHB Paul Starr
|
0-0: Foul Ball, location: 2F 0-1: Foul Ball, location: 2F 0-2: Fly out, F9 (Flyball, 9LM)
|
Batting: SHB Rick Hilton
|
0-0: Foul Ball, location: 2F 0-1: Swinging Strike 0-2: Ball 1-2: Strikes out swinging
|
Top of the 5th over - 0 run(s), 0 hit(s), 0 error(s), 1 left on base; Santa Fe HS 4 - Indianapolis HS 0 |
BOTTOM OF THE 5TH |
Indianapolis HS Chaos batting - Pitching for Santa Fe HS Chiefs : LHP Ed Bailey
|
Batting: LHB Millard Bengtson
|
0-0: Foul Ball, location: 2F 0-1: Swinging Strike 0-2: Strikes out looking
|
Batting: RHB Jack Gillespie
|
0-0: Swinging Strike 0-1: Ball 1-1: Foul Ball, location: 2F 1-2: Strikes out swinging
|
Batting: RHB Johnny Becker
|
0-0: Called Strike 0-1: Ball 1-1: Fly out, F8 (Flyball, 8LD)
|
Bottom of the 5th over - 0 run(s), 0 hit(s), 0 error(s), 0 left on base; Santa Fe HS 4 - Indianapolis HS 0 |
TOP OF THE 6TH |
Santa Fe HS Chiefs batting - Pitching for Indianapolis HS Chaos : LHP Andy Fitzpatrick
|
Batting: LHB Luis Freitas
|
0-0: Foul Ball, location: 2F 0-1: Called Strike 0-2: Ball 1-2: Ball 2-2: Strikes out looking
|
Batting: RHB Brady Holland
|
0-0: Ball 1-0: Foul Ball, location: 2F 1-1: Foul Ball, location: 2F 1-2: Ball 2-2: Ball 3-2: Foul Ball, location: 2F 3-2: Foul Ball, location: 2F 3-2: Base on Balls
|
Batting: LHB William Mitchell
|
0-0: Ball 1-0: Foul Ball, location: 2F 1-1: Foul Ball, location: 2F 1-2: Strikes out swinging
|
Batting: RHB Jake Henshaw
|
0-0: Foul Ball, location: 2F 0-1: Ball Pickoff Throw by Catcher to First - Error! E2 Brady Holland to second 1-1: Fly out, F3 (Line Drive, 34S)
|
Top of the 6th over - 0 run(s), 0 hit(s), 1 error(s), 1 left on base; Santa Fe HS 4 - Indianapolis HS 0 |
BOTTOM OF THE 6TH |
Indianapolis HS Chaos batting - Pitching for Santa Fe HS Chiefs : LHP Ed Bailey
|
Batting: RHB Jesús Lima
|
0-0: Called Strike 0-1: Ball 1-1: Ball 2-1: Ball 3-1: Foul Ball, location: 2F 3-2: Base on Balls
|
Batting: RHB Curt David
|
0-0: Fly out, F5 (Popup, 56)
|
Batting: LHB Ben Donaldson
|
0-0: Fly out, F8 (Flyball, 8RM)
|
Batting: RHB Robert Blanchard
|
0-0: Ball 1-0: Called Strike 1-1: SINGLE (Line Drive, 78S) Jesús Lima to second
|
Batting: RHB Warren Norton
|
0-0: Ball 1-0: Foul Ball, location: 2F 1-1: Ball 2-1: Foul Ball, location: 2F 2-2: Foul Ball, location: 2F 2-2: Ball 3-2: Base on Balls Jesús Lima to third Robert Blanchard to second
|
Pitching: RHP Benjamin Bell
|
|
Batting: RHB Danny Giles
|
0-0: Ground out 5-3 (Groundball, 56S)
|
Bottom of the 6th over - 0 run(s), 1 hit(s), 0 error(s), 3 left on base; Santa Fe HS 4 - Indianapolis HS 0 |
TOP OF THE 7TH |
Santa Fe HS Chiefs batting - Pitching for Indianapolis HS Chaos : LHP Andy Fitzpatrick
|
Batting: RHB Paul DeWitt
|
0-0: Called Strike 0-1: Foul Ball, location: 2F 0-2: Ball 1-2: Ball 2-2: Ball 3-2: Fly out, F7 (Flyball, 7D)
|
Batting: LHB Adrian Neal
|
0-0: Called Strike 0-1: Foul Ball, location: 2F 0-2: Strikes out swinging
|
Batting: LHB Milton MacEwen
|
0-0: Ball 1-0: Ball 2-0: Called Strike 2-1: Ball 3-1: Base on Balls
|
Batting: LHB Paul Starr
|
0-0: Ball 1-0: Ball 2-0: Ball 3-0: Base on Balls Milton MacEwen to second
|
Batting: SHB Rick Hilton
|
0-0: Fly out, F9 (Flyball, 9LD)
|
Top of the 7th over - 0 run(s), 0 hit(s), 0 error(s), 2 left on base; Santa Fe HS 4 - Indianapolis HS 0 |
BOTTOM OF THE 7TH |
Indianapolis HS Chaos batting - Pitching for Santa Fe HS Chiefs : RHP Benjamin Bell
|
Batting: LHB Millard Bengtson
|
0-0: Foul Ball, location: 2F 0-1: Foul Ball, location: 2F 0-2: Ball 1-2: Fly out, F8 (Flyball, 8RS)
|
Batting: RHB Jack Gillespie
|
0-0: Ball 1-0: Ball 2-0: Ball 3-0: Called Strike 3-1: Base on Balls
|
Batting: RHB Johnny Becker
|
0-0: Ball 1-0: Ball 2-0: Ball 3-0: Called Strike 3-1: SINGLE (Groundball, 56D) Jack Gillespie to second
|
Batting: RHB Jesús Lima
|
0-0: Ball 1-0: Ball 2-0: Foul Ball, location: 2F 2-1: Ball 3-1: Base on Balls Jack Gillespie to third Johnny Becker to second
|
Batting: RHB Curt David
|
0-0: Foul Ball, location: 2F 0-1: Swinging Strike 0-2: Ball 1-2: Grounds into fielders choice 1-2 (Groundball, 15) Johnny Becker to third Jesús Lima to second
|
Batting: LHB Ben Donaldson
|
0-0: Ball 1-0: Ball 2-0: Foul Ball, location: 2F 2-1: Ball 3-1: Called Strike 3-2: Foul Ball, location: 2F 3-2: DOUBLE (Groundball, 5L) Johnny Becker scores Jesús Lima scores Curt David to third Curt David scores
|
Pitching: RHP Jack Bass
|
|
Batting: RHB Robert Blanchard
|
0-0: Ball 1-0: SINGLE (Groundball, 56S) (infield hit) Ben Donaldson to third
|
Pinch Hitting: RHB Patrice Charette
|
0-0: Fly out, F9 (Flyball, 9S)
|
Bottom of the 7th over - 3 run(s), 3 hit(s), 0 error(s), 2 left on base; Santa Fe HS 4 - Indianapolis HS 3 |
TOP OF THE 8TH |
Santa Fe HS Chiefs batting - Pitching for Indianapolis HS Chaos : LHP Andy Fitzpatrick
|
Now in LF: Zander von Strantz
|
|
Batting: LHB Luis Freitas
|
0-0: Ball 1-0: Ball 2-0: Called Strike 2-1: Fly out, F4 (Popup, 34D)
|
Batting: RHB Brady Holland
|
0-0: Called Strike 0-1: Foul Ball, location: 2F 0-2: Reached on error, E6 (Groundball, 6)
|
Pinch Hitting: RHB Juan Carlos Cruz
|
0-0: Called Strike 0-1: Foul Ball, location: 2F 0-2: Foul Ball, location: 2F 0-2: Foul Ball, location: 2F 0-2: Ball 1-2: SINGLE (Groundball, 6MD) Brady Holland to second
|
Pitching: RHP Ernest Gentry
|
|
Batting: RHB Jake Henshaw
|
0-0: Ball 1-0: Called Strike 1-1: Foul Ball, location: 2F 1-2: Strikes out swinging
|
Batting: RHB Paul DeWitt
|
0-0: Ball 1-0: Ball 2-0: Called Strike 2-1: Swinging Strike 2-2: Ball 3-2: Base on Balls Brady Holland to third Juan Carlos Cruz to second
|
Batting: LHB Adrian Neal
|
0-0: Called Strike 0-1: Foul Ball, location: 2F 0-2: Fly out, F8 (Flyball, 8RM)
|
Top of the 8th over - 0 run(s), 1 hit(s), 1 error(s), 3 left on base; Santa Fe HS 4 - Indianapolis HS 3 |
BOTTOM OF THE 8TH |
Indianapolis HS Chaos batting - Pitching for Santa Fe HS Chiefs : RHP Jack Bass
|
Now at 3B: William Todd
|
|
Batting: RHB Danny Giles
|
0-0: Ball 1-0: Foul Ball, location: 2F 1-1: Foul Ball, location: 2F 1-2: Strikes out swinging
|
Batting: LHB Millard Bengtson
|
0-0: Ball 1-0: Foul Ball, location: 2F 1-1: Called Strike 1-2: Strikes out swinging
|
Batting: RHB Jack Gillespie
|
0-0: Called Strike 0-1: SOLO HOME RUN (Flyball, 8LXD), Distance : 438 ft
|
Batting: RHB Johnny Becker
|
0-0: Ball 1-0: Ball 2-0: Called Strike 2-1: Ball 3-1: Foul Ball, location: 2F 3-2: Foul Ball, location: 2F 3-2: SINGLE (Flyball, 7S)
|
Batting: RHB Jesús Lima
|
0-0: Ball 1-0: Called Strike 1-1: Called Strike 1-2: Strikes out swinging
|
Bottom of the 8th over - 1 run(s), 2 hit(s), 0 error(s), 1 left on base; Santa Fe HS 4 - Indianapolis HS 4 |
TOP OF THE 9TH |
Santa Fe HS Chiefs batting - Pitching for Indianapolis HS Chaos : RHP Ernest Gentry
|
Pitching: RHP Kenny Baker
|
|
Batting: LHB Milton MacEwen
|
0-0: Called Strike 0-1: Ground out 6-3 (Groundball, 6)
|
Batting: LHB Paul Starr
|
0-0: Ball 1-0: Ball 2-0: Called Strike 2-1: Ball 3-1: Base on Balls
|
Batting: SHB Rick Hilton
|
0-0: Called Strike Paul Starr is caught stealing 2nd base 0-1: Fly out, F8 (Flyball, 8RD)
|
Top of the 9th over - 0 run(s), 0 hit(s), 0 error(s), 0 left on base; Santa Fe HS 4 - Indianapolis HS 4 |
BOTTOM OF THE 9TH |
Indianapolis HS Chaos batting - Pitching for Santa Fe HS Chiefs : RHP Jack Bass
|
Batting: RHB Curt David
|
0-0: Ball 1-0: Foul Ball, location: 2F 1-1: Swinging Strike 1-2: Ball 2-2: Foul Ball, location: 2F 2-2: Ball 3-2: Ground out U3 (Groundball, 34)
|
Pitching: LHP Rubén López
|
|
Batting: LHB Ben Donaldson
|
0-0: Swinging Strike 0-1: Ball 1-1: Swinging Strike 1-2: Strikes out swinging
|
Batting: RHB Robert Blanchard
|
0-0: Foul Ball, location: 2F 0-1: Ball 1-1: Foul Ball, location: 2F 1-2: Strikes out swinging
|
Bottom of the 9th over - 0 run(s), 0 hit(s), 0 error(s), 0 left on base; Santa Fe HS 4 - Indianapolis HS 4 |
TOP OF THE 10TH |
Santa Fe HS Chiefs batting - Pitching for Indianapolis HS Chaos : RHP Kenny Baker
|
Batting: LHB Luis Freitas
|
0-0: Ground out 3-1 (Groundball, 34)
|
Batting: RHB Brady Holland
|
0-0: Swinging Strike 0-1: Ball 1-1: DOUBLE (Line Drive, 78D)
|
Batting: RHB William Todd
|
0-0: Intentional Walk
|
Batting: RHB Jake Henshaw
|
0-0: Ball 1-0: Ball 2-0: Ball 3-0: Base on Balls Brady Holland to third William Todd to second
|
Batting: RHB Paul DeWitt
|
0-0: Ball 1-0: Ball 2-0: Ball 3-0: Called Strike 3-1: Fly out, F7 (Line Drive, 78D) Runner from 3rd tags up, SCORES, no throw
|
Batting: LHB Adrian Neal
|
0-0: Ball 1-0: Swinging Strike 1-1: Called Strike 1-2: Strikes out looking
|
Top of the 10th over - 1 run(s), 1 hit(s), 0 error(s), 2 left on base; Santa Fe HS 5 - Indianapolis HS 4 |
BOTTOM OF THE 10TH |
Indianapolis HS Chaos batting - Pitching for Santa Fe HS Chiefs : LHP Rubén López
|
Pitching: RHP Jim Gorman
|
|
Batting: RHB Zander von Strantz
|
0-0: Foul Ball, location: 2F 0-1: Ball 1-1: Ball 2-1: Fly out, F4 (Popup, 3D)
|
Batting: RHB Danny Giles
|
0-0: Ball 1-0: Ball 2-0: Ball 3-0: Called Strike 3-1: Base on Balls
|
Pinch Runner at 1st Kyle Robbins:
|
|
Batting: LHB Millard Bengtson
|
0-0: Ground out U3 (Groundball, 3) Kyle Robbins to second
|
Batting: RHB Jack Gillespie
|
0-0: Fly out, F8 (Flyball, 8LD)
|
Bottom of the 10th over - 0 run(s), 0 hit(s), 0 error(s), 1 left on base; Santa Fe HS 5 - Indianapolis HS 4 |
|